 Dungeon Crawl Stone Soup version 0.23.0-3-gf3c87f2 (webtiles) character file.

Game seed: 643717887565444863

19714 Borgoz the Covert (level 12, -7/103 HPs)
             Began as a Ghoul Assassin on Feb 23, 2019.
             Was a Follower of Ashenzari.
             Blown up by a great orb of eyes (17 damage)
             ... with a disintegration bolt
             ... in a Gauntlet.
             The game lasted 00:39:19 (12010 turns).

Borgoz the Covert (Ghoul Assassin)                 Turns: 12010, Time: 00:39:19

Health: -7/103     AC: 12    Str: 26    XL:     12   Next: 71%
Magic:  15/15      EV: 17    Int:  6    God:    Ashenzari [*.....]
Gold:   673        SH:  0    Dex: 14    Spells: 17/17 levels left

rFire    + . .     SeeInvis +   a - +3 dagger (venom)
rCold    + . .     Gourm    .   (no shield)
rNeg     + + +     Faith    .   I - +0 ring mail {rF+}
rPois    ∞         Spirit   .   j - +1 hat (curse)
rElec    .         Reflect  .   d - +0 cloak
rCorr    .         Harm     .   i - +1 pair of gloves
MR       .....     NoTele   +   c - +0 pair of boots
Stlth    ++++......             (no amulet)
HPRegen  0.00/turn              h - +5 ring of strength (curse)
MPRegen  0.14/turn              k - ring of see invisible

@: mighty, rotting, hasted, very quick
A: rotting body, claws 1, carnivore, cold resistance 1, negative energy
resistance 3, inhibited regeneration, torment resistance, unbreathing
a: Curse Item, Scrying, Renounce Religion


You were in a Gauntlet.
You worshipped Ashenzari.
Ashenzari was aware of your devotion.
You were not hungry.

You visited 3 branches of the dungeon, and saw 13 of its levels.
You also visited: Bailey and Gauntlet.

You collected 673 gold pieces.

Inventory:

Hand Weapons
 a - a +3 dagger of venom (weapon)
 b - a +0 blowgun
Missiles
 e - 20 poisoned needles
 f - 10 curare-tipped needles
 C - 46 tomahawks of returning (quivered)
Armour
 c - a +0 pair of boots (worn)
 d - a +0 cloak (worn)
 i - a +1 pair of gloves (worn)
 j - a cursed +1 hat (worn)
 y - a +0 leather armour
 I - a +0 ring mail of fire resistance (worn)
 R - the -3 helmet of the Quahog {+Blink rF+ Int+7}
   (You found it on level 8 of the Dungeon)

   It affects your intelligence (+7).
   It protects you from fire.
   It lets you blink.
Jewellery
 h - a cursed +5 ring of strength (left hand)
 k - a ring of see invisible (right hand)
 x - an uncursed ring of ice
Wands
 r - a wand of enslavement (10)
 N - a wand of clouds (1)
 U - a wand of flame (15)
Scrolls
 l - 3 scrolls of enchant weapon
 n - 4 scrolls of teleportation
 o - a scroll of fear
 p - 2 scrolls of remove curse
 w - 3 scrolls of blinking
 D - 3 scrolls of fog
 H - 3 scrolls of immolation
 J - 2 scrolls of amnesia
 L - 3 scrolls of enchant armour
 M - a scroll of magic mapping
Potions
 t - a potion of invisibility
 v - 2 potions of cancellation
 z - 5 potions of resistance
 S - a potion of flight
Comestibles
 g - 31 rations


   Skills:
 + Level 8.6 Fighting
 * Level 10.1 Short Blades
 - Level 4.0 Throwing
 + Level 6.8 Armour
 * Level 9.9 Dodging
 + Level 10.2 Stealth
 + Level 3.2 Spellcasting
 + Level 3.5 Evocations


You had 17 spell levels left.
You didn't know any spells.
Your spell library contained the following spells:

 Spells                   Type           Power        Failure   Level  Hunger
 Shock                    Conj/Air       #...         45%         1    ##.....
 Summon Butterflies       Summ           #.......     45%         1    ##.....
 Swiftness                Chrm/Air       #.......     61%         2    ###....
 Call Canine Familiar     Summ           #.......     83%         3    ####...
 Static Discharge         Conj/Air       #.......     83%         3    ####...
 Airstrike                Air            #.........   99%         4    #####..
 Summon Ice Beast         Ice/Summ       #.......     99%         4    #####..
 Lightning Bolt           Conj/Air       #.........   100%        5    ######.
 Summon Mana Viper        Hex/Summ       #.......     100%        5    ######.
 Summon Hydra             Summ           #.........   100%        7    #######


Dungeon Overview and Level Annotations

Branches:
Dungeon (10/15)            Temple (1/1) D:6            Lair (2/6) D:8
    Orc (0/2) D:9
  Swamp: Lair:2-4    Shoals: Lair:2-4     Snake: Lair:2-4    Spider: Lair:2-4

Altars:
Ashenzari
Cheibriados
Dithmenos
Elyvilon
Fedhas
Gozag
Hepliaklqana
Kikubaaqudgha
Makhleb
Nemelex Xobeh
Okawaru
Qazlal
Ru
Sif Muna
Trog
Uskayaw
Vehumet
Wu Jian
Xom
Yredelemnul
Zin
The Shining One

Shops:
D:9 %

Annotations:
Gauntlet 11 transporters, 2 runed translucent doors


Innate Abilities, Weirdness & Mutations

Your body is rotting away.
You thrive on raw meat.
You are immune to poison.
You have sharp fingernails.
You are carnivorous and can eat meat at any time.
Your flesh is cold resistant. (rC+)
You are immune to negative energy. (rN+++)
You do not regenerate when monsters are visible.
You are immune to unholy pain and torment.
You can survive without breathing.


Message History

The great orb of eyes is severely wounded.
You barely miss the great orb of eyes.
The great orb of eyes is severely wounded.
The great orb of eyes bites you!
You hit the great orb of eyes but do no damage.
The great orb of eyes is severely wounded.
You hit the great orb of eyes but do no damage.
The great orb of eyes is severely wounded.
The great orb of eyes gazes at you.
You are blasted!
* * * LOW HITPOINT WARNING * * *
It was a potion of haste.
You feel yourself speed up.
The red ugly thing basks in the mutagenic energy from its kin and changes!
The great orb of eyes misses you.
It was a potion of lignification.
You feel woody for a moment.
You see here a crystal ball of energy.
The great orb of eyes looks more healthy.
The great orb of eyes gazes at you.
You are blasted!
You die...

##...#.#..#..#.#...#...##..
#≈...#..##.##..#...#..##...
##...#........s#...########
#≈...###########.....#.©.#.
##......#.©.#........#...#.
##.8...#.8.#...8....#.©.#.
#≈.....#.©.#.....#########
##...#########...#zz."©!#z
#≈...##.#@#[##...#zz.z.#..
##...#.#}#$#.#...##.z..#..
#≈...##G#.#.##...#.##.#...
##.8.#.#©#u#.#.8.#...###z.
#≈...##.#.#.##...#z..©#.##
##...#.#.#u#.#...#z..#....
#≈...##.#.#.##...#zz.#..z.
##...#########...#zz#.z...
#≈.......©.......#########


You could see a great orb of eyes, 2 ugly things and a jumping spider
(wandering).

Vanquished Creatures
  An orc warlord (Bailey)
  2 hydras
  A queen ant (D:9)
  A black mamba (Lair:1)
  A spiny frog (Lair:2)
  2 komodo dragons
  3 hornets
  9 blink frogs (Lair:1)
  2 hippogriffs (Lair:2)
  A wyvern (D:8)
  10 yaks
  Eustachio (D:6)
  20 soldier ants (D:9)
  Duvessa (D:6)
  A porcupine (Lair:1)
  7 orc warriors
  A water moccasin (Lair:1)
  A swamp drake (D:9)
  A black bear (D:6)
  An ice beast (D:7)
  2 sky beasts
  A phantom (D:9)
  5 ogres
  4 crocodiles
  2 centaurs
  2 big kobolds
  7 bullfrogs
  Dowan (D:6)
  A scorpion (D:4)
  7 wights
  2 howler monkeys
  2 crimson imps
  3 jellies
  A bullfrog skeleton (D:5)
  8 orc priests
  3 hounds
  16 orc wizards
  2 iguanas
  26 worker ants
  A killer bee zombie (D:10)
  A hound skeleton (D:4)
  A worker ant zombie (D:9)
  2 howler monkey skeletons
  13 adders
  12 gnolls
  A shadow imp (D:7)
  4 oozes
  An adder zombie (D:5)
  An adder skeleton (D:4)
  2 worms
  2 dart slugs
  5 leopard geckos
  46 orcs
  7 giant cockroaches
  23 goblins
  15 hobgoblins
  9 jackals
  5 quokkas
  3 ball pythons
  7 bats
  6 frilled lizards
  33 kobolds
  A leopard gecko skeleton (D:8)
  2 leopard gecko zombies
  6 rats
371 creatures vanquished.

Vanquished Creatures (others)
  An orc (D:10)
  2 fungi (Lair:2)
  2 plants
5 creatures vanquished.

Grand Total: 376 creatures vanquished

Notes
Turn   | Place    | Note
-------+----------+-------------------------------------------
     0 | D:1      | Borgoz the Ghoul Assassin began the quest for the Orb.
     0 | D:1      | Reached XP level 1. HP: 17/17 MP: 0/0
    85 | D:1      | Reached skill level 1 in Dodging
   117 | D:1      | Reached XP level 2. HP: 21/24 MP: 1/1
   445 | D:1      | Reached XP level 3. HP: 30/30 MP: 2/2
   778 | D:2      | Reached XP level 4. HP: 28/37 MP: 3/3
  1332 | D:3      | Reached skill level 1 in Armour
  1596 | D:3      | Reached XP level 5. HP: 29/42 MP: 4/4
  2198 | D:5      | Entered Level 5 of the Dungeon
  2241 | D:5      | Reached XP level 6. HP: 39/51 MP: 5/5
  2516 | D:4      | Reached skill level 5 in Stealth
  2847 | D:4      | Found a shadowy altar of Dithmenos.
  3275 | D:4      | Reached XP level 7. HP: 32/57 MP: 6/6
  3656 | D:4      | Found a hazy altar of Hepliaklqana.
  3729 | D:5      | Found a sparkling altar of Nemelex Xobeh.
  3772 | D:5      | Found a blossoming altar of Fedhas.
  4103 | D:5      | Reached XP level 8. HP: 34/66 MP: 7/7
  4575 | D:6      | Found a shimmering altar of Xom.
  4621 | D:6      | Noticed Dowan
  4625 | D:6      | Noticed Duvessa
  4643 | D:6      | Killed Duvessa
  4649 | D:6      | Killed Dowan
  4727 | D:6      | Found a staircase to the Ecumenical Temple.
  4745 | D:6      | Noticed Eustachio
  4766 | D:6      | Killed Eustachio
  4766 | D:6      | Reached skill level 5 in Short Blades
  4774 | Temple   | Entered the Ecumenical Temple
  5000 | Temple   | Became a worshipper of Ashenzari the Shackled
  5517 | D:7      | Reached skill level 5 in Dodging
  5526 | D:7      | Reached XP level 9. HP: 38/72 MP: 8/8
  5654 | D:7      | Found a flagged portal.
  5683 | Bailey   | Entered a bailey
  5688 | Bailey   | Noticed an orc warlord
  5841 | Bailey   | Found a runed translucent gate.
  5841 | Bailey   | Found a runed translucent gate.
  5841 | Bailey   | Found a runed translucent gate.
  6132 | Bailey   | HP: 1/72 [orc warlord/+0 war axe (9)]
  6156 | Bailey   | Killed an orc warlord
  6156 | Bailey   | Reached skill level 5 in Fighting
  6434 | D:7      | Reached XP level 10. HP: 83/83 MP: 9/9
  6572 | D:7      | Reached skill level 5 in Armour
  6572 | D:7      | Reached XP level 11. HP: 47/90 MP: 10/10
  7537 | D:8      | Found a shattered altar of Ashenzari.
  7798 | D:8      | Got the uncursed helmet of the Quahog {+Blink rF+ Int+7}
  7804 | D:8      | Identified the -3 helmet of the Quahog {+Blink rF+ Int+7}
                  | (You found it on level 8 of the Dungeon)
  8101 | D:8      | Found a staircase to the Lair.
  8255 | D:8      | Reached skill level 1 in Evocations
  8666 | D:9      | Reached skill level 1 in Spellcasting
  8923 | D:9      | Reached * piety under Ashenzari
  9015 | D:9      | Found Peuweg's Food Emporium.
  9186 | D:9      | Noticed a queen ant
  9220 | D:9      | Killed a queen ant
  9900 | D:9      | Found a staircase to the Orcish Mines.
  9929 | D:9      | Reached XP level 12. HP: 93/101 MP: 14/14
 10059 | D:10     | Entered Level 10 of the Dungeon
 10738 | Lair:1   | Entered Level 1 of the Lair of Beasts
 11165 | Lair:1   | Reached skill level 10 in Stealth
 11298 | Lair:1   | Noticed a seven-headed hydra
 11318 | Lair:1   | Killed a seven-headed hydra
 11483 | Lair:2   | Noticed a seven-headed hydra
 11598 | Lair:2   | Reached skill level 10 in Short Blades
 11690 | Lair:2   | Killed a seven-headed hydra
 11724 | Lair:2   | Found a gate leading to a gauntlet.
 11739 | Gauntlet | Entered a Gauntlet
 11739 | Gauntlet | Found a transporter.
 11742 | Gauntlet | Noticed a great orb of eyes
 11743 | Gauntlet | Found a transporter.
 11744 | Gauntlet | Found a transporter.
 11747 | Gauntlet | Found a transporter.
 11748 | Gauntlet | Found a transporter.
 11750 | Gauntlet | Found a transporter.
 11757 | Gauntlet | Found a transporter.
 11778 | Gauntlet | Found a transporter.
 11796 | Gauntlet | Found a transporter.
 11800 | Gauntlet | Found a transporter.
 11804 | Gauntlet | Found a runed translucent door.
 11808 | Gauntlet | Found a transporter.
 11816 | Gauntlet | Found a runed translucent door.
 11862 | Gauntlet | Found a transporter.
 11862 | Gauntlet | Noticed an entropy weaver
 11959 | Gauntlet | Identified a scroll of acquirement
 12010 | Gauntlet | Blown up by a great orb of eyes

Skill      XL: |  1  2  3  4  5  6  7  8  9 10 11 12 |
---------------+-------------------------------------+-----
Dodging        | 1 2 3 5 6 8 9 |  9.9
Short Blades   | 2 3 4 5 6 8 9 10 | 10.1
Throwing       | 2 3 4 |  4.0
Armour         | 1 2 3 4 5 6 |  6.8
Fighting       | 3 4 5 7 8 |  8.6
Stealth        | 5 6 7 9 10 | 10.2
Evocations     | 2 3 |  3.5
Spellcasting   | 2 3 |  3.2

Action                   |  1- 3 |  4- 6 |  7- 9 | 10-12 || total
-------------------------+-------+-------+-------+-------++-------
Melee: Dagger            |    77 |   321 |   421 |   989 ||  1808
 Fire: Blowgun           |     5 |     7 |     1 |     1 ||    14
Throw: Tomahawk          |       |       |     4 |       ||     4
Invok: Curse Item        |       |       |     1 |       ||     1
Evoke: Wand              |       |       |     1 |     3 ||     4
  Use: Scroll            |       |     4 |     6 |    15 ||    25
       Potion            |       |       |     7 |     8 ||    15
 Stab: Sleeping          |     4 |    14 |    13 |    10 ||    41
       Distracted        |       |       |     1 |     4 ||     5
  Eat: Chunk             |    10 |    30 |    53 |   116 ||   209
Armor: Robe              |    21 |    24 |       |       ||    45
       Leather armour    |       |    50 |   112 |    91 ||   253
Dodge: Dodged            |    50 |   207 |   286 |   498 ||  1041
